 Dungeon Crawl Stone Soup version 0.22.1-5-g62c59d9 (webtiles) character file.

431 wyoknott the Shield-Bearer (level 6, -2/55 HPs)
             Began as a Minotaur Fighter on Jan 12, 2019.
             Was an Initiate of Trog.
             Slain by Edmund
             ... wielding a +0 flail of protection
              (3 damage)
             ... on level 6 of the Dungeon.
             The game lasted 00:09:08 (2198 turns).

wyoknott the Shield-Bearer (Minotaur Fighter)       Turns: 2198, Time: 00:09:09

Health: -2/55      AC:  9    Str: 28    XL:     6   Next: 66%
Magic:  5/5        EV:  7    Int:  5    God:    Trog [......]
Gold:   127        SH: 11    Dex:  9    Spells: 5/5 levels left

rFire    . . .     SeeInvis .   i - +0 dagger (venom)
rCold    . . .     Gourm    .   c - +0 shield
rNeg     . . .     Faith    .   r - +0 chain mail
rPois    +         Spirit   .   (helmet restricted)
rElec    .         Reflect  .   (no cloak)
rCorr    .         Harm     .   (no gloves)
MR       .....                  (no boots)
Stlth    ..........             (no amulet)
HPRegen  0.18/turn              h - ring of poison resistance
MPRegen  0.09/turn              (no ring)

@: mighty
A: retaliatory headbutt, horns 2
a: Renounce Religion


You were on level 6 of the Dungeon.
You worshipped Trog.
Trog was noncommittal.
You were not hungry.

You visited 1 branch of the dungeon, and saw 5 of its levels.

You collected 127 gold pieces.

Inventory:

Hand Weapons
 a - a +0 war axe
 g - a +0 dagger
 i - a +0 dagger of venom (weapon)
 n - a +0 scythe
Missiles
 j - 14 javelins (quivered)
Armour
 b - a +0 scale mail
 c - a +0 shield (worn)
 r - a +0 chain mail (worn)
Jewellery
 h - a ring of poison resistance (left hand)
Wands
 s - a wand of iceblast (7)
Scrolls
 e - a scroll of remove curse
 l - a scroll of fog {unknown}
 m - a scroll of amnesia {unknown}
 p - a scroll of fear {unknown}
Potions
 d - a potion of might
 o - a potion of brilliance {unknown}
 q - a potion of agility
Comestibles
 f - 11 rations


   Skills:
 + Level 4.8 Fighting
 + Level 1.9 Short Blades
 + Level 4.2 Axes
 + Level 5.2 Armour
 + Level 1.7 Dodging
 + Level 5.8 Shields


You had 5 spell levels left.
You didn't know any spells.
Your spell library was empty.

Dungeon Overview and Level Annotations

Branches:
Dungeon (4/15)
 Temple: D:4-7

Altars:
Fedhas
Makhleb
Nemelex Xobeh
Trog
Uskayaw
Yredelemnul

Annotations:
D:6 Edmund


Innate Abilities, Weirdness & Mutations

You reflexively headbutt those who attack you in melee.
You have a pair of horns on your head.


Message History

You block the orc priest's attack. Edmund hits you but does no damage.
You block the orc's attack.
You hit Edmund.
Edmund is poisoned.
Your headbutt misses Edmund.
Edmund is lightly wounded.
Something hits you.
* * * LOW HITPOINT WARNING * * *
The orc warrior barely misses you. The orc barely misses you.
You furiously retaliate!
You headbutt the orc!
You kill the orc!
Trog accepts your kill.
The orc priest hits you but does no damage.
You block Edmund's attack. The orc barely misses you. You furiously retaliate!
You headbutt the orc. You closely miss Edmund.
Edmund is lightly wounded.
You block something's attack.
The orc priest hits you but does no damage.
The orc warrior hits you but does no damage.
Edmund hits you with a flail of protection.
You die...

...#......#.#
#..........#
.#.#........#
............# ######
#..........# .....#
............####.....#
####.###.†...o.o.....#
# ##.....ooo†....#
........oo{@@....#
.....#.######.....#
.<....#.# .....#
#$....#.# .....#
#######.# ##...# .o#
.#.# #.# # # .#


You could see Edmund, an orc warrior, an orc priest, an orc wizard and 4 orcs.

Vanquished Creatures
  Sigmund (D:2)
  An orc priest (D:6)
  Natasha (thrice) (D:3)
  4 adders
  4 gnolls (D:3)
  A worm (D:3)
  4 dart slugs
  4 leopard geckos
  An orc (D:6)
  10 bats
  3 giant cockroaches
  9 goblins
  9 hobgoblins
  4 jackals
  13 kobolds
  2 quokkas (D:2)
  2 ball pythons (D:2)
  3 frilled lizards
  10 rats
88 creatures vanquished.

Vanquished Creatures (others)
  4 toadstools (D:1)
4 creatures vanquished.

Grand Total: 92 creatures vanquished

Notes
Turn   | Place    | Note
-------+----------+-------------------------------------------
     0 | D:1      | wyoknott the Minotaur Fighter began the quest for the Orb.
     0 | D:1      | Reached XP level 1. HP: 19/19 MP: 0/0
    48 | D:1      | Reached XP level 2. HP: 24/27 MP: 1/1
   339 | D:1      | Reached XP level 3. HP: 21/33 MP: 2/2
   644 | D:2      | Noticed Sigmund
   654 | D:2      | Killed Sigmund
   654 | D:2      | Reached skill level 1 in Short Blades
   654 | D:2      | Reached skill level 1 in Dodging
   654 | D:2      | Reached skill level 5 in Shields
   654 | D:2      | Reached XP level 4. HP: 38/41 MP: 3/3
   654 | D:2      | Reached XP level 5. HP: 44/47 MP: 4/4
   805 | D:2      | Found a hide-covered altar of Uskayaw.
  1277 | D:3      | Noticed Natasha
  1282 | D:3      | Killed Natasha
  1282 | D:3      | Reached XP level 6. HP: 44/53 MP: 5/5
  1332 | D:3      | Found a basalt altar of Yredelemnul.
  1816 | D:3      | Found a bloodstained altar of Trog.
  1827 | D:3      | Became a worshipper of Trog the Wrathful
  1872 | D:3      | Noticed Natasha
  1882 | D:3      | Killed Natasha
  1919 | D:3      | Noticed Natasha
  1929 | D:3      | Killed Natasha
  1993 | D:3      | Found a blossoming altar of Fedhas.
  2128 | D:4      | Found a burning altar of Makhleb.
  2156 | D:4      | Found a sparkling altar of Nemelex Xobeh.
  2174 | D:4      | You fall through a shaft for 2 floors!
  2181 | D:6      | Noticed an orc warrior
  2181 | D:6      | Reached skill level 5 in Armour
  2186 | D:6      | Noticed Edmund
  2195 | D:6      | HP: 2/55 [orc priest/divine providence (17)]
  2198 | D:6      | Slain by Edmund

Skill      XL: |  1  2  3  4  5  6 |
---------------+-------------------+-----
Shields        | 4 5 |  5.8
Fighting       | 4 |  4.8
Armour         | 4 5 |  5.2
Axes           | 4 |  4.2
Short Blades   | 1 |  1.9
Dodging        | 1 |  1.7

Action                   |  1- 3 |  4- 6 || total
-------------------------+-------+-------++-------
Melee: War axe           |    49 |       ||    49
       Headbutt          |     7 |    21 ||    28
       Dagger            |    39 |   144 ||   183
  Use: Scroll            |       |     6 ||     6
       Potion            |       |     1 ||     1
  Eat: Ration            |       |     2 ||     2
Armor: Scale mail        |    48 |    78 ||   126
       Chain mail        |       |    22 ||    22
Dodge: Dodged            |    28 |    69 ||    97
Block: Shield            |    75 |   102 ||   177
